 Dungeon Crawl Stone Soup version 0.31-a0-188-g5e087ee2ca (webtiles) character file.

Game seed: 1166395256893250501

343 qw the Skirmisher (level 6, -4/35 HPs)
             Began as a Deep Elf Hunter on June 23, 2023.
             Was an Initiate of Okawaru.
             Slain by Duvessa
             ... wielding a +0 short sword
              (6 damage)
             ... on level 5 of the Dungeon.
             The game lasted 00:01:19 (2766 turns).

qw the Skirmisher (Deep Elf Hunter)                 Turns: 2766, Time: 00:01:19

Health: -4/35      AC: 11    Str: 10    XL:     6   Next: 31%
Magic:  8/8        EV: 11    Int: 14    God:    Okawaru [......]
Gold:   819        SH:  0    Dex: 18    Spells: 5/5 levels left

rFire   . . .        Y - +2 shortbow
rCold   + . .        (shield currently unavailable)
rNeg    + + .        p - +0 ring mail {rC+}
rPois   +            (no helmet)
rElec   +            j - scarf {repulsion}
rCorr   .            g - +0 pair of gloves
SInv    .            a - +4 pair of boots of the Okapi {rElec rPois rN+}
Will    .....        (no amulet)
Stlth   +            i - ring of positive energy
HPRegen 0.25/turn    (no ring)
MPRegen 0.11/turn

%: repel missiles
@: lit by a corona, glowing
A: no striking features
a: Renounce Religion


You were on level 5 of the Dungeon.
You worshipped Okawaru.
Okawaru was noncommittal.
You visited 1 branch of the dungeon, and saw 5 of its levels.

You collected 918 gold pieces.
You spent 99 gold pieces at shops.


   Skills:
 - Level 2.1 Fighting
 + Level 9.6 Ranged Weapons
 - Level 1.0 Armour
 - Level 2.4 Dodging
 - Level 1.2 Stealth


You had 5 spell levels left.
You didn't know any spells.
Your spell library was empty.

Inventory:

Hand Weapons
 Y - a +2 shortbow (weapon)
Armour
 a - the +4 pair of boots of the Okapi (worn) {rElec rPois rN+}
   (You acquired it on level 2 of the Dungeon)

   rElec:     It insulates you from electricity.
   rPois:     It protects you from poison.
   rN:        It protects you from negative energy.
 e - a +0 cloak
 g - a +0 pair of gloves (worn)
 j - a scarf of repulsion (worn)
 o - a +2 robe of fire resistance
 p - a +0 ring mail of cold resistance (worn)
Jewellery
 h - a ring of fire
 i - a ring of positive energy (left hand)
 k - a ring of poison resistance
Scrolls
 m - 2 scrolls of identify
Potions
 b - a potion of might {unknown}
 c - a potion of degeneration {unknown}
 d - a potion of curing
 l - a potion of attraction {unknown}
 n - a potion of resistance {unknown}

Dungeon Overview and Level Annotations

Branches:
Dungeon (5/15)
 Temple: D:4-7

Altars:
Okawaru
Yredelemnul

Shops:
D:4 [

Annotations:
D:4 1 runed translucent door
D:5 Dowan, Duvessa


Message History

Dowan mumbles some strange words.
Dowan blinks!
You shoot an arrow. The arrow hits Duvessa.
Duvessa is lightly wounded.
Duvessa hits you with a +0 short sword. Dowan gestures at you while chanting.
You are outlined in light.
Duvessa barely misses you.
You shoot an arrow. The arrow completely misses Duvessa.
The scorpion stings you but does no damage.
Duvessa hits you with a +0 short sword.
You shoot an arrow. The arrow hits Duvessa!
Duvessa is moderately wounded.
The scorpion barely misses you.
A quokka comes into view.
Duvessa says, "Where magic fails, the sword succeeds!"
Duvessa barely misses you. The scorpion stings you.
You shoot an arrow. The arrow hits Duvessa!
Duvessa is heavily wounded.
The scorpion closely misses you. Duvessa hits you with a +0 short sword.
Dowan casts a spell.
Dowan blinks!
You shoot an arrow.
The arrow hits Duvessa but does no damage.
Duvessa is heavily wounded.
The scorpion stings you but does no damage.
The iguana completely misses you. Duvessa hits you with a +0 short sword.
You shoot an arrow. The arrow barely misses Duvessa.
The scorpion closely misses you. The iguana bites you!
Duvessa hits you but does no damage.
You shoot an arrow. The arrow hits Duvessa.
Duvessa is severely wounded.
The scorpion stings you but does no damage.
The iguana closely misses you. Duvessa hits you with a +0 short sword.
The scorpion stings you.
You shoot an arrow.
The arrow hits Duvessa but does no damage.
Duvessa is severely wounded.
The scorpion closely misses you. The iguana misses you.
Duvessa hits you with a +0 short sword.
You die...

.. ... ..# ## .}
....###....
#.....#....# ####
#..>.....#.#.....
#........r.#.....
##........el......
#.........@s..e...
#..........#......
#..........# .....
#..........# ....
#..........### #..
##............. .
#?..............
#..........##...
#..........# ...


You could see Duvessa, Dowan, a scorpion, an iguana and a quokka.

Vanquished Creatures
  2 scorpions
  A hound (D:4)
  A sleepcap (D:5)
  2 adders (D:4)
  3 gnolls (D:3)
  An ufetubus (D:5)
  2 worms
  2 dart slugs
  11 orcs
  4 ball pythons
  5 endoplasms
  7 giant cockroaches
  14 goblins
  6 hobgoblins
  2 jackals (D:4)
  9 kobolds
  2 quokkas
  6 bats
  6 frilled lizards
  A goblin skeleton (D:4)
  A goblin zombie (D:4)
  5 rats
93 creatures vanquished.

Notes
Turn   | Place    | Note
-------+----------+-------------------------------------------
     0 | D:1      | qw the Deep Elf Hunter began the quest for the Orb.
     0 | D:1      | Reached XP level 1. HP: 12/12 MP: 3/3
     0 | D:1      | 0 ||| qw: Version: 0.3-a-9-g12657ce
     0 | D:1      | 0 ||| qw: Game counter: 3571
     0 | D:1      | 0 ||| qw: Always use a shield: true
     0 | D:1      | 0 ||| qw: God list: Okawaru
     0 | D:1      | 0 ||| qw: Allow faded altars: false
     0 | D:1      | 0 ||| qw: Do Orc after D:15 true
     0 | D:1      | 0 ||| qw: Do second Lair branch before Depths: true
     0 | D:1      | 0 ||| qw: Lair rune preference: random
     0 | D:1      | 0 ||| qw: Plans: Normal
     0 | D:1      | 0 ||| PLANNING D:1-11
    94 | D:1      | Reached skill level 6 in Ranged Weapons
    94 | D:1      | Reached XP level 2. HP: 16/16 MP: 4/4
   471 | D:1      | 471 ||| UPGRADING to +0 cloak.
   476 | D:1      | 476 ||| UPGRADING to +0 ring mail.
   486 | D:1      | 486 ||| DROPPING +0 leather armour.
   487 | D:1      | 487 ||| UPGRADING to +0 pair of gloves.
   492 | D:1      | 492 ||| READING scroll labelled DIQAER QAUTOWI.
   493 | D:1      | 493 ||| DROPPING scroll of butterflies.
   588 | D:1      | Found a faded altar of an unknown god.
   850 | D:2      | Reached XP level 3. HP: 20/20 MP: 5/5
  1470 | D:2      | 1470 ||| UPGRADING to scarf of repulsion.
  1480 | D:2      | 1480 ||| UPGRADING to ring of positive energy.
  1481 | D:2      | 1481 ||| UPGRADING to ring of poison resistance.
  1482 | D:2      | 1482 ||| READING scroll labelled FUBEOH UMAERRIWNEO.
  1483 | D:2      | 1483 ||| READING scroll labelled NOINTO PEOQO.
  1484 | D:2      | 1484 ||| READING scroll labelled TACOCA KAYHERABB.
  1484 | D:2      | Identified a scroll of acquirement
  1484 | D:2      | 1484 ||| ACQUIRING +4 pair of boots of the Okapi {rElec
                  | rPois rN+}
  1484 | D:2      | Acquired the +4 pair of boots of the Okapi {rElec rPois
                  | rN+}
  1486 | D:2      | 1486 ||| UPGRADING to +4 pair of boots of the Okapi {rElec
                  | rPois rN+}.
  1491 | D:2      | 1491 ||| REMOVING ring of poison resistance.
  1531 | D:3      | Reached skill level 7 in Ranged Weapons
  1539 | D:3      | Reached XP level 4. HP: 22/25 MP: 6/6
  1539 | D:3      | 1539 ||| FLEEEEING.
  1540 | D:3      | 1540 ||| STAIRDANCE
  1697 | D:3      | 1697 ||| READING scroll of enchant weapon.
  1697 | D:3      | 1697 ||| ENCHANTING +1 shortbow.
  1857 | D:3      | Noticed a scorpion
  1865 | D:3      | Killed a scorpion
  1866 | D:3      | Reached skill level 8 in Ranged Weapons
  1866 | D:3      | Reached XP level 5. HP: 29/29 MP: 7/7
  1898 | D:3      | 1898 ||| READING scroll labelled RATAAN FIPLEU.
  1903 | D:3      | 1903 ||| READING scroll labelled EWESEI QUNK.
  2004 | D:3      | 2004 ||| READING scroll labelled JIURRO URUGITT.
  2241 | D:4      | Reached skill level 9 in Ranged Weapons
  2241 | D:4      | Found an iron altar of Okawaru.
  2242 | D:4      | 2242 ||| PLANNING OKAWARU WORSHIP
  2250 | D:4      | Became a worshipper of Warmaster Okawaru
  2251 | D:4      | 2251 ||| PLANNING D:1-11
  2259 | D:4      | Found Lofiul's Antique Armour Boutique.
  2264 | D:4      | 2264 ||| BUYING runed robe (99 gold).
  2264 | D:4      | Bought a runed robe for 99 gold pieces
  2264 | D:4      | 2264 ||| SHOPLISTING shiny ring mail (189 gold, have 91).
  2264 | D:4      | 2264 ||| SHOPLISTING warped robe (153 gold, have 91).
  2464 | D:4      | 2464 ||| READING scroll of acquirement.
  2464 | D:4      | 2464 ||| ACQUIRING 692 gold pieces
  2464 | D:4      | Acquired 692 gold pieces
  2533 | D:4      | Found a runed translucent door.
  2533 | D:4      | Noticed a human
  2537 | D:4      | 2537 ||| READING scroll labelled BEISAMA ANGIA.
  2538 | D:4      | 2538 ||| DRINKING 2 glowing amethyst potions.
  2540 | D:4      | Found a basalt altar of Yredelemnul.
  2565 | D:4      | Reached skill level 1 in Armour
  2687 | D:4      | 2687 ||| UPGRADING to +0 ring mail of cold resistance.
  2697 | D:4      | 2697 ||| DROPPING +0 ring mail.
  2698 | D:4      | 2698 ||| READING scroll labelled CADEEK TUYGHO.
  2714 | D:5      | Entered Level 5 of the Dungeon
  2735 | D:5      | Reached XP level 6. HP: 35/35 MP: 8/8
  2749 | D:5      | Noticed Duvessa
  2749 | D:5      | Noticed Dowan
  2765 | D:5      | HP: 5/35 [Duvessa/+0 short sword (5)]
  2765 | D:5      | HP: 2/35 [scorpion (3)]
  2766 | D:5      | Slain by Duvessa

Levels and vault maps discovered:
D:1:      dpeg_arrival_arbitrary_c, layout_loops_ring, basic_ecumenical_altar,
          chequers_big_river
D:2:      layout_basic
D:3:      layout_basic, minmay_close_crescents
D:4:      cheibrodos_quashed, layout_basic, dk_yredelemnul_ordeal,
          kennysheep_okawaru_gauntlet, serial_shops,
          nicolae_shop_just_a_little_nook
D:5:      layout_rooms, bloody_trog, tso_oasis_becter, uniq_duvessa,
          uniq_eustachio

Skill      XL: |  1  2  3  4  5 |
---------------+----------------+-----
Ranged Weapons | 6 7 8 9 |  9.6
Fighting       | 2 |  2.1
Armour         | 1 |  1.0
Dodging        | |  2.4
Stealth        | |  1.2

Action                     |  1- 3 |  4- 6 || total
---------------------------+-------+-------++-------
   Fire: Shortbow          |   109 |   170 ||   279
    Use: Scroll            |     4 |     7 ||    11
         Potion            |       |     1 ||     1
 Armour: Leather armour    |     6 |       ||     6
         Ring mail         |    13 |    36 ||    49
  Dodge: Dodged            |    40 |    50 ||    90

Table legend:
 A = Non-vault XP
 B = Vault XP
 C = Vault XP percentage of total XP
 D = Non-vault monster count
 E = Vault monster count
 F = Vault count percentage of total count
                 A         B        C        D         E       F
            +---------+---------+-------+---------+---------+-------
      Total |     478 |      13 |   2.6 |      86 |       7 |   7.5
            +---------+---------+-------+---------+---------+-------
        D:1 |      34 |       0 |   0.0 |      21 |       0 |   0.0
        D:2 |      22 |       0 |   0.0 |      14 |       0 |   0.0
        D:3 |     169 |       7 |   4.0 |      25 |       3 |  10.7
        D:4 |     120 |       6 |   4.8 |      23 |       4 |  14.8
        D:5 |     133 |       0 |   0.0 |       3 |       0 |   0.0
            +---------+---------+-------+---------+---------+-------
